 Dungeon Crawl Stone Soup version 0.32-a0-928-g1cae6b7ea0 (webtiles) character file.

Game seed: 12456776574454055824

909 Ahpoh the Slasher (level 7, -1/57 HPs)
             Began as a Demigod Gladiator on Apr 12, 2024.
             Slain by a lemure (5 damage)
             ... led by Pikel
             ... on level 5 of the Dungeon.
             The game lasted 00:11:01 (3915 turns).

Ahpoh the Slasher (Demigod Gladiator)               Turns: 3915, Time: 00:11:02

Health: -1/57      AC: 13    Str: 15    XL:     7   Next: 51%
Magic:  9/9        EV:  8    Int: 10    God:
Gold:   171        SH:  5    Dex: 23    Spells: 6/6 levels left

rFire   . . .        a - +0 long sword
rCold   . . .        (no shield)
rNeg    . . .        b - +0 chain mail
rPois   .            c - +0 helmet
rElec   .            r - +1 cloak {Will+}
rCorr   .            (no gloves)
SInv    +            G - +0 pair of boots
Will    +....        D - amulet of reflection Stlth
                     l - ring of see invisible
HPRegen 0.29/turn    (no ring)
MPRegen 0.11/turn

%: reflection
@: no status effects
A: high MP 1, forlorn, divine attributes
a: no special abilities


You were on level 5 of the Dungeon.
You visited 1 branch of the dungeon, and saw 5 of its levels.

You collected 171 gold pieces.

Inventory:

Hand Weapons
 a - a +0 long sword (weapon)
 h - a +2 hand axe of flaming
Missiles
 d - 3 throwing nets (quivered)
 e - a javelin
Armour
 b - a +0 chain mail (worn)
 c - a +0 helmet (worn)
 r - a +1 cloak of willpower (worn)
 G - a +0 pair of boots (worn)
Jewellery
 l - a ring of see invisible (left hand)
 D - an amulet of reflection (around neck)
Wands
 p - a wand of polymorph (12)
Scrolls
 f - a scroll of brand weapon {unknown}
 g - 2 scrolls of enchant armour
 j - 2 scrolls of poison
 k - a scroll of fear {unknown}
 m - 3 scrolls of teleportation
 o - a scroll of blinking {unknown}
 u - a scroll of silence {unknown}
 w - 3 scrolls of revelation
 y - a scroll of torment {unknown}
 B - a scroll of identify
 F - a scroll of amnesia {unknown}
Potions
 i - a potion of might {unknown}
 n - 2 potions of mutation {unknown}
 q - a potion of degeneration {unknown}
 s - 3 potions of ambrosia
 t - a potion of magic {unknown}
 x - 2 potions of resistance
 z - a potion of haste {unknown}
 A - a potion of invisibility {unknown}
 C - a potion of curing {unknown}
 E - a potion of enlightenment {unknown}


   Skills:
 * Level 3.5 Fighting
 * Level 6.1 Long Blades
 * Level 3.3 Throwing
 * Level 2.6 Armour
 * Level 3.9 Dodging
 + Level 0.5 Shields


You had 6 spell levels left.
You didn't know any spells.
Your spell library contained the following spells:

 Spells                   Type           Power      Damage    Failure   Level
 Call Imp                 Summ           0%         N/A       100%        2
 Sublimation of Blood     Necr           0%         N/A       100%        2
 Hailstorm                Conj/Ice       0%         3d5       100%        3
 Summon Ice Beast         Ice/Summ       0%         N/A       100%        3
 Tukima's Dance           Hex            0%         N/A       100%        3
 Dimensional Bullseye     Hex/Tloc       0%         N/A       100%        4
 Iskenderun's Mystic Bla Conj/Tloc 0%             2d3        (+2d1     100%        4
 Permafrost Eruption      Ice/Erth       0%         2x4d1     100%        6
 Sculpt Simulacrum        Ice/Alch       0%         N/A       100%        6
 Summon Hydra             Summ           0%         N/A       100%        7


Dungeon Overview and Level Annotations

Branches:
Dungeon (5/15)             Temple (0/1) D:4

Annotations:
D:5 Pikel


Innate Abilities, Weirdness & Mutations

You have an increased reservoir of magic. (+10% MP)
You shall have no god before yourself.
Your divine heritage dramatically boosts your attributes as you level up.


Message History

Pikel is heavily wounded.
Pikel hits you with a +1 whip of electrocution.
The lemure hits you but does no damage. The lemure hits you.
You closely miss Pikel.
Pikel is heavily wounded.
The lemure hits you.
Pikel zaps a wand.
You resist with almost no effort. The lemure closely misses you.
The lemure hits you but does no damage. Pikel hits you but does no damage.
The lemure hits you but does no damage.
You barely miss Pikel.
Pikel is heavily wounded.
You block the lemure's attack.
Pikel zaps a wand.
You resist with almost no effort. The lemure hits you but does no damage.
You closely miss Pikel.
Pikel is heavily wounded.
The lemure hits you. The lemure completely misses you.
Pikel hits you with a +1 whip of electrocution!
You closely miss Pikel.
Pikel is moderately wounded.
You block the lemure's attack.
Pikel zaps a wand.
You resist with almost no effort. The lemure closely misses you.
Pikel barely misses you.
You hit Pikel but do no damage.
Pikel is moderately wounded.
The lemure barely misses you.
Pikel says, "You'll freeze in Cocytus!"
You block Pikel's attack.
You hit Pikel but do no damage.
Pikel is moderately wounded.
The lemure barely misses you. Pikel hits you but does no damage.
You are electrocuted!
* * * LOW HITPOINT WARNING * * *
You hit Pikel.
Pikel is heavily wounded.
The lemure barely misses you. Pikel hits you but does no damage.
You are electrocuted!
* * * LOW HITPOINT WARNING * * *
You hit Pikel but do no damage.
Pikel is heavily wounded.
The lemure hits you.
You die...

..#############
[......<......#
..###########.#
########)##
###.........##
.............#
.##.###.####.#
.#.##.###.####)#
.......@55.....#
.#.#.##K###.##.#
...S..?......#
#.#.##.#.##.#.#
# ......?##5#.#
..$5# #....# #
#.=.. #.##.#
.... ..# .# #.
#.#


You could see Pikel, 2 lemures and an adder.

Vanquished Creatures
  Sigmund (D:5)
  2 centaurs (D:5)
  2 lemures (D:5)
  3 scorpions
  4 hounds
  Crazy Yiuf (D:4)
  A jelly (D:5)
  2 iguanas
  An orc wizard (D:4)
  A sleepcap (D:5)
  7 adders
  4 ufetubi
  2 dart slugs
  6 orcs
  5 endoplasms
  A giant cockroach (D:2)
  6 goblins
  4 hobgoblins
  8 jackals
  3 quokkas
  5 ball pythons
  A bat (D:1)
  2 frilled lizards (D:1)
  A kobold (D:1)
  4 rats
77 creatures vanquished.

Vanquished Creatures (others)
  A human (D:4)
1 creature vanquished.

Grand Total: 78 creatures vanquished

Notes
Turn   | Place    | Note
-------+----------+-------------------------------------------
     0 | D:1      | Ahpoh the Demigod Gladiator began the quest for the Orb.
     0 | D:1      | Reached XP level 1. HP: 17/17 MP: 3/3
   382 | D:1      | Reached XP level 2. HP: 15/24 MP: 4/4
   954 | D:2      | Reached skill level 3 in Long Blades
  1120 | D:2      | Reached XP level 3. HP: 20/29 MP: 5/5
  1724 | D:3      | Reached skill level 1 in Armour
  1985 | D:3      | Reached XP level 4. HP: 36/36 MP: 6/6
  2116 | D:3      | Reached skill level 4 in Long Blades
  2458 | D:4      | Reached XP level 5. HP: 33/41 MP: 7/7
  2705 | D:4      | Found a staircase to the Ecumenical Temple.
  3023 | D:4      | Noticed a human
  3025 | D:4      | Killed a human
  3056 | D:4      | Reached XP level 6. HP: 50/50 MP: 8/8
  3509 | D:4      | Found a runed translucent door.
  3510 | D:4      | Noticed Crazy Yiuf
  3520 | D:4      | Killed Crazy Yiuf
  3521 | D:4      | Reached skill level 5 in Long Blades
  3642 | D:5      | Entered Level 5 of the Dungeon
  3647 | D:5      | Noticed Sigmund
  3667 | D:5      | Killed Sigmund
  3701 | D:5      | Reached XP level 7. HP: 24/57 MP: 9/9
  3716 | D:5      | Reached skill level 6 in Long Blades
  3897 | D:5      | Noticed Pikel
  3915 | D:5      | Slain by a lemure

Illustrated notes

Levels and vault maps discovered:
D:1:      hellmonk_arrival_library, layout_loops_ring, serial_bayou,
          serial_bayou_pond_a, serial_bayou_shore_b, serial_bayou_crossing,
          serial_bayou_lagoon_a
D:2:      layout_loops_ring
D:3:      layout_rooms, mainiacjoe_overflow_paths, nicolae_the_louvre
D:4:      layout_gridville, nicolae_overflow_macrodata_refinement,
          tgw_kikubaaqudgha, temple_green, nicolae_zen_rock_garden,
          uniq_crazy_yiuf_cottage
D:5:      layout_loops_ring, nicolae_ossuary_entry_ruins,
          grunt_decor_resistance, minmay_diced_spiral, uniq_sigmund,
          uniq_menkaure, uniq_pikel

Skill      XL: |  1  2  3  4  5  6  7 |
---------------+----------------------+-----
Throwing       | 2 3 |  3.3
Dodging        | 3 |  3.9
Long Blades    | 3 4 5 6 |  6.1
Fighting       | 2 3 |  3.5
Armour         | 1 2 |  2.6
Shields        | |  0.5

Action                     |  1- 3 |  4- 6 |  7- 9 || total
---------------------------+-------+-------+-------++-------
  Melee: Long sword        |   100 |   144 |    68 ||   312
  Throw: Throwing net      |     1 |     3 |       ||     4
         Javelin           |       |     2 |       ||     2
    Use: Scroll            |       |     6 |       ||     6
   Stab: Distracted        |     1 |       |       ||     1
 Armour: Leather armour    |    45 |       |       ||    45
         Chain mail        |    22 |   138 |    73 ||   233
  Dodge: Dodged            |    75 |    68 |    45 ||   188
  Block: Other             |       |    15 |    21 ||    36

Table legend: (Time is in decaauts)
 A = Elapsed time spent in this place.
 B = Non-inter-level travel time spent in this place.
 C = Inter-level travel time spent in this place.
 D = Time resting spent in this place.
 E = Time spent auto-exploring this place.
 F = Levels seen in this place.
 G = Mean time per level.
                   A        B        C        D        E       F      G
               +--------+--------+--------+--------+--------+-----+--------+
         Total |   3991 |   3897 |     94 |    265 |   2598 |   5 |  798.2 |
       Dungeon |   3991 |   3897 |     94 |    265 |   2598 |   5 |  798.2 |
               +--------+--------+--------+--------+--------+-----+--------+

Top non-repeatable levels by time:
     D:4: 1297 daAuts
     D:1: 945 daAuts
     D:3: 737 daAuts
     D:2: 729 daAuts
     D:5: 281 daAuts
